Map: Frost LE

Players

Nerchio - Winner!

  • Race: Zerg Zerg
  • League: Master

Revolver

  • Race: Zerg Zerg
  • League: Master

Event: DreamHack ZOWIE Open Valencia 2016

VOD

Have the link to the VOD?

Description

Time

  • Played on: July 14, 2016, 11:59 a.m.
  • Length: 10:24

All games in this series

Show
View Real Time Build Order
Export as new Build Order

Nerchio Zerg - Winner!

Build Orders: Hatch First 

Get SALT Encoding   

  12  0:00  Drone  
  13  0:12  Overlord  
  13  0:17  Drone  
  14  0:31  Drone x2  
  14  0:34  Drone  
  17  0:53  Hatchery  
  16  0:57  Drone  
  17  1:11  Spawning Pool  
  16  1:14  Drone  
  16  1:17  Drone  
  18  1:19  Extractor  
  18  1:22  Drone  
  18  1:28  Drone  
  19  1:39  Overlord  
  19  1:57  Zergling x2, Queen  
  22  2:01  Zergling x2  
  22  2:05  Drone, Queen  
  26  2:14  Drone  
  27  2:18  Metabolic Boost  
  27  2:22  Drone x2  
  29  2:26  Drone  
  30  2:32  Drone  
  31  2:46  Hatchery  
  31  2:47  Drone  
  31  2:50  Drone  
  32  2:54  Drone  
  32  2:57  Overlord  
  32  3:01  Drone  
  33  3:07  Drone x2  
  35  3:15  Drone x2  
  35  3:16  Drone x2  
  35  3:18  Drone  
  40  3:20  Drone  
  40  3:24  Overlord  
  40  3:26  Drone  
  42  3:30  Extractor  
  42  3:34  Roach Warren  
  40  3:35  Drone  
  40  3:37  Drone  
  40  3:41  Overlord  
  42  3:46  Drone x3  
  45  3:53  Drone x2  
  46  4:03  Lair  
  46  4:06  Spine Crawler  
  45  4:12  Overlord  
  45  4:13  Roach  
  45  4:14  Roach x3  
  45  4:15  Roach  
  55  4:18  Roach  
  55  4:20  Roach  
  55  4:22  Roach  
  61  4:25  Overlord  
  61  4:28  Roach  
  61  4:30  Roach  
  65  4:32  Roach  
  65  4:34  Roach  
  65  4:37  Roach  
  71  4:39  Roach  
  71  4:45  Roach x2  
  77  4:50  Overlord x2  
  77  4:54  Roach  
  77  4:55  Roach  
  81  5:01  Evolution Chamber, Overlord  
  80  5:08  Roach x3  
  80  5:09  Roach  
  80  5:12  Roach  
  90  5:18  Roach  
  90  5:20  Roach  
  95  5:28  Zergling x4  
  95  5:29  Zergling x10  
  95  5:33  Spine Crawler  
  100  5:39  Glial Reconstitution  
  96  5:43  Overlord x2  
  96  5:46  Roach  
  96  5:48  Roach  
  98  5:56  Roach  
  94  5:58  Roach  
  94  6:03  Roach  
  94  6:05  Drone x7  
  94  6:06  Drone  
  100  6:11  Queen  
  98  6:22  Zerg Missile Weapons Level 1  
  95  6:30  Roach x2  
  95  6:32  Drone x2  
  91  6:33  Drone x2  
  91  6:34  Extractor  
  91  6:37  Roach  
  91  6:38  Roach  
  96  6:44  Roach  
  88  6:48  Roach  
  88  6:51  Zergling x6  
  88  6:52  Zergling x8  
  91  6:55  Roach  
  91  6:57  Roach  
  89  7:03  Roach  
  89  7:04  Roach  
  89  7:07  Roach  
  91  7:10  Extractor, Queen  
  91  7:11  Roach  
  91  7:12  Roach  
  96  7:18  Roach  
  96  7:19  Roach  
  100  7:23  Roach  
  100  7:26  Roach, Overlord x2  
  102  7:30  Roach  
  102  7:31  Roach  
  102  7:35  Roach  
  104  7:39  Roach x2  
  104  7:41  Roach  
  104  7:43  Roach  
  101  7:46  Roach  
  101  7:49  Drone x5  
  101  7:51  Roach x2  
  112  7:54  Evolution Chamber  
  112  7:57  Drone x3  
  112  7:58  Drone, Extractor  
  113  8:01  Drone  
  113  8:02  Extractor  
  114  8:09  Roach x6  
  126  8:20  Roach  
  126  8:25  Overlord x2  
  126  8:26  Roach  
  130  8:28  Roach  
  130  8:32  Roach  
  134  8:36  Ravager  
  134  8:37  Ravager, Overlord  
  134  8:38  Overlord  
  136  8:48  Roach  
  136  8:49  Roach x2  
  136  8:50  Roach  
  136  8:53  Roach  
  136  8:54  Roach  
  148  8:57  Roach  
  148  9:01  Roach  
  148  9:02  Roach  
  154  9:03  Roach  
  154  9:05  Roach  
  154  9:08  Roach  
  154  9:09  Roach  
  162  9:12  Roach  
  164  9:19  Roach x3  
  164  9:20  Overlord  
  170  9:28  Roach x3  
  170  9:30  Roach  
  154  9:32  Roach  
  154  9:36  Roach x2  
  152  9:41  Roach x2  
  152  9:43  Roach  
  152  9:44  Roach  
  148  9:49  Roach x2  
  148  9:51  Roach  
  144  9:54  Ravager x2  
  146  10:01  Roach x4  
  146  10:04  Roach  
Show
View Real Time Build Order
Export as new Build Order

Revolver Zerg 

Build Orders: Hatch First 

Get SALT Encoding   

  12  0:00  Drone  
  13  0:13  Overlord  
  13  0:18  Drone  
  14  0:31  Drone x2  
  16  0:36  Drone  
  17  0:53  Hatchery  
  16  0:57  Drone  
  16  0:59  Drone  
  18  1:11  Extractor  
  18  1:15  Spawning Pool  
  18  1:18  Drone  
  17  1:20  Drone  
  18  1:31  Drone  
  19  1:40  Overlord  
  19  2:01  Zergling x2  
  19  2:02  Queen  
  19  2:04  Queen  
  19  2:05  Drone x2  
  26  2:12  Drone  
  27  2:15  Drone  
  28  2:23  Drone  
  28  2:29  Drone  
  30  2:35  Drone  
  31  2:45  Roach Warren  
  31  2:46  Lair, Overlord  
  31  2:49  Extractor  
  29  2:52  Evolution Chamber  
  29  2:56  Drone x3  
  30  3:01  Drone  
  31  3:05  Drone  
  31  3:11  Drone x2  
  31  3:12  Drone  
  35  3:14  Drone x3  
  35  3:18  Zerg Missile Weapons Level 1  
  38  3:22  Evolution Chamber  
  37  3:27  Overlord  
  37  3:32  Overlord  
  38  3:48  Glial Reconstitution  
  38  3:53  Drone  
  38  3:54  Drone x4, Extractor  
  38  3:55  Drone x2  
  44  3:56  Roach x2  
  44  4:01  Overlord  
  47  4:12  Extractor  
  47  4:14  Spire  
  46  4:20  Roach  
  46  4:21  Roach x5  
  59  4:26  Roach x2  
  59  4:28  Overlord  
  63  4:31  Roach  
  65  4:39  Overlord  
  65  4:41  Roach  
  67  4:50  Roach x4  
  75  4:53  Overlord  
  75  4:55  Overlord  
  75  5:01  Roach x2  
  75  5:03  Roach  
  75  5:06  Overlord  
  81  5:10  Ravager x2  
  81  5:13  Roach  
  85  5:16  Roach  
  89  5:21  Roach x3  
  89  5:24  Roach  
  95  5:33  Roach x3  
  101  5:39  Roach  
  101  5:40  Roach  
  97  5:49  Ravager  
  98  5:50  Overlord  
  68  6:04  Roach x5  
  68  6:05  Hatchery  
  68  6:10  Roach x2  
  81  6:14  Roach  
  81  6:15  Roach  
  83  6:22  Roach  
  83  6:23  Roach x2  
  89  6:32  Roach  
  83  6:33  Roach x2  
  83  6:38  Roach x2  
  81  6:47  Roach x2  
  81  6:53  Roach  
  75  7:01  Roach  
  75  7:02  Roach  
  77  7:11  Roach x7  
  91  7:19  Roach x2  
  91  7:22  Roach  
  97  7:32  Roach x2  
  82  7:44  Roach x2  
  82  7:45  Roach x2  
  82  7:50  Roach x2  
  94  7:53  Overseer  
  94  7:59  Overlord  
  94  8:02  Roach x3  
  100  8:07  Drone x2  
  100  8:08  Drone  
  103  8:21  Roach  
  103  8:22  Roach x3  
  103  8:25  Drone x2  
  103  8:26  Drone, Extractor  
  113  8:27  Drone  
  113  8:32  Roach  
  113  8:33  Roach  
  118  8:35  Overseer  
  118  8:40  Overlord  
  118  8:44  Overlord  
  118  8:45  Overlord  
  118  8:51  Queen  
  120  9:03  Roach x3  
  120  9:04  Roach x2  
  130  9:10  Roach x3  
  130  9:12  Ravager x3  
  130  9:16  Overlord  
  139  9:19  Overlord  
  139  9:29  Roach x4  
  120  9:35  Roach x2  
  92  9:46  Roach  
  92  9:47  Roach x3  
  92  9:51  Roach x2  
  90  9:56  Roach  
  90  9:57  Roach x2  

Tags
 
Add a new tag
Caveats
  • Supply blocks, unpowered buildings, or Contaminate may cause inaccurate times.
  • Supply counts are checked every 10 seconds.